 Dungeon Crawl Stone Soup version 0.24.0-123-gd5b16e6ec5 (webtiles) character file.

Game seed: 13124183921228151006, levelgen mode: deterministic

60 ReteAZ the Covered (level 4, -3/35 HPs)
             Began as a Human Fighter on Dec 24, 2019.
             Slain by a gnoll
             ... wielding a +0 spear
              (6 damage)
             ... on level 2 of the Dungeon.
             The game lasted 00:02:29 (1155 turns).

ReteAZ the Covered (Human Fighter)                  Turns: 1155, Time: 00:02:29

Health: -3/35      AC:  6    Str: 18    XL:     4   Next: 24%
Magic:  4/4        EV:  7    Int:  8    God:
Gold:   81         SH:  9    Dex: 12    Spells: 3/3 levels left

rFire    . . .     SeeInvis .   a - +0 long sword
rCold    . . .     Gourm    .   c - +0 shield
rNeg     . . .     Faith    .   i - +0 scale mail
rPois    .         Spirit   .   (no helmet)
rElec    .         Reflect  .   (no cloak)
rCorr    .         Harm     .   (no gloves)
MR       .....                  (no boots)
Stlth    ..........             (no amulet)
HPRegen  0.11/turn              (no ring)
MPRegen  0.09/turn              (no ring)

@: no status effects
A: no striking features
a: no special abilities


You were on level 2 of the Dungeon.
You were not hungry.

You visited 1 branch of the dungeon, and saw 2 of its levels.

You collected 81 gold pieces.

Inventory:

Hand Weapons
 a - a +0 long sword (weapon)
 b - a +0 hunting sling
Missiles
 j - 23 stones (quivered)
Armour
 c - a +0 shield (worn)
 i - a +0 scale mail (worn)
Jewellery
 u - a +4 ring of strength {unknown}
Scrolls
 e - a scroll of noise {unknown}
 g - 2 scrolls of identify {unknown}
 k - 3 scrolls of teleportation {unknown}
 n - 3 scrolls of remove curse {unknown}
 o - a scroll of fog {unknown}
 r - a scroll of immolation {unknown}
 v - a scroll of fear {unknown}
 w - a scroll of amnesia {unknown}
Potions
 d - a potion of might
 h - 3 potions of curing {unknown}
 l - a potion of flight {unknown}
 m - a potion of ambrosia {unknown}
 p - 2 potions of haste {unknown}
 q - a potion of mutation {unknown}
 s - a potion of resistance {unknown}
Comestibles
 f - 4 rations
 t - 3 chunks of flesh


   Skills:
 + Level 3.4 Fighting
 * Level 3.0 Long Blades
 + Level 3.4 Armour
 + Level 3.3 Shields


You had 3 spell levels left.
You didn't know any spells.
Your spell library was empty.

Dungeon Overview and Level Annotations

Branches:
Dungeon (2/15)

Altars:


Message History

The gnoll hits you. You block the gnoll's attack. The gnoll hits you.
You hit the gnoll.
You kill the gnoll!
Your Long Blades skill increases to level 3!
The gnoll hits you but does no damage. You block the gnoll's attack.
The gnoll hits you from afar with a +0 spear.
You are too injured to fight recklessly!
You are too injured to fight recklessly!
You are too injured to fight recklessly!
You closely miss the gnoll. The gnoll hits you with a +0 spear.
The gnoll hits you from afar with a +0 spear.
* * * LOW HITPOINT WARNING * * *
You block the gnoll's attack.
The gnoll hits you from afar with a +0 spear.
* * * LOW HITPOINT WARNING * * *
You closely miss the gnoll. The gnoll hits you with a +0 spear.
* * * LOW HITPOINT WARNING * * *
The gnoll hits you from afar with a +0 spear.
You die...

...##...##.##
#...##......#
''.⌠.++...###
##...##....#
##.g.##..##.#
##...##..#...#
#.g.##...#.###
#.####g##..#.#.#
#......@..##.#.####
############.#....#
.........##.####
.#######.##....#
.........#####.#
##.#.###.#####.#
#.......# #########


You could see 2 gnolls.

Vanquished Creatures
  A gnoll (D:2)
  An ooze (D:1)
  2 dart slugs
  3 leopard geckos
  A giant cockroach (D:2)
  9 goblins (D:1)
  A hobgoblin (D:1)
  5 kobolds
  A quokka (D:2)
  4 bats
  A frilled lizard (D:2)
  8 rats
37 creatures vanquished.

Notes
Turn   | Place    | Note
-------+----------+-------------------------------------------
     0 | D:1      | ReteAZ the Human Fighter began the quest for the Orb.
     0 | D:1      | Reached XP level 1. HP: 18/18 MP: 1/1
    76 | D:1      | Reached XP level 2. HP: 18/24 MP: 2/2
   358 | D:1      | Reached XP level 3. HP: 29/29 MP: 3/3
   958 | D:2      | Reached XP level 4. HP: 34/35 MP: 4/4
  1155 | D:2      | Slain by a gnoll

Levels and vault maps discovered:
D:1:      minmay_arrival_five_plusses, layout_basic, minmay_quantized
D:2:      layout_basic, first_ration, hex_tiny, minmay_misc_feat_more_columns,
          grunt_decor_arrowhead

Skill      XL: |  1  2  3  4 |
---------------+-------------+-----
Long Blades    | 3 |  3.0
Fighting       | |  3.4
Armour         | |  3.4
Shields        | |  3.3

Action                   |  1- 3 |  4- 6 || total
-------------------------+-------+-------++-------
Melee: Long sword        |    86 |     8 ||    94
Throw: Stone             |     3 |       ||     3
  Eat: Chunk             |       |     1 ||     1
Armor: Scale mail        |    39 |     1 ||    40
Dodge: Dodged            |    29 |     3 ||    32
Block: Shield            |    33 |     8 ||    41
       Rpst.: Long sword |    14 |     1 ||    15
